 Dungeon Crawl Stone Soup version 0.27.1 (webtiles) character file.

Game seed: 2000284888171555482

2 H0rd4k the Caller (level 1, 0/13 HPs)
             Began as a Barachi Summoner on Aug 23, 2021.
             Slain by a jackal (1 damage)
             ... on level 1 of the Dungeon.
             The game lasted 00:00:16 (178 turns).

H0rd4k the Caller (Barachi Summoner)                 Turns: 178, Time: 00:00:18

Health: 0/13       AC:  2    Str:  9    XL:     1   Next: 30%
Magic:  0/3        EV: 12    Int: 15    God:
Gold:   8          SH:  0    Dex: 12    Spells: 3/4 levels left

rFire    . . .     SeeInvis .   (no weapon)
rCold    . . .     Faith    .   (no shield)
rNeg     . . .     Spirit   .   a - +0 robe
rPois    .         Reflect  .   (no helmet)
rElec    .         Harm     .   (no cloak)
rCorr    .         Rampage  .   (no gloves)
Will     .....                  (no boots)
Stlth    ++........             (no amulet)
HPRegen  0.04/turn              (no ring)
MPRegen  0.08/turn              (no ring)

@: slow
A: amphibious, slowness 1, strong legs 1, +LOS
a: Hop


You were on level 1 of the Dungeon.
You visited 1 branch of the dungeon, and saw 1 of its levels.

You collected 8 gold pieces.

Inventory:

Armour
 a - a +0 robe (worn)


   Skills:
 + Level 2.1 Dodging
 - Level 1.7 Stealth
 * Level 2.2 Spellcasting
 * Level 4.9 Summonings


You had 3 spell levels left.
You knew the following spells:

 Your Spells              Type           Power      Damage    Failure   Level
a - Summon Small Mammal   Summ           64%        N/A       2%          1

Your spell library contained the following spells:

 Spells                   Type           Power      Damage    Failure   Level
 Call Imp                 Summ           16%        N/A       4%          2
 Call Canine Familiar     Summ           16%        N/A       9%          3
 Summon Guardian Golem    Hex/Summ       9%         N/A       24%         3
 Summon Lightning Spire   Summ/Air       9%         N/A       61%         4


Dungeon Overview and Level Annotations

Branches:
Dungeon (1/15)

Altars:


Innate Abilities, Weirdness & Mutations

You are amphibious.
You cover ground slowly.
You can hop short distances.
You have an extended range of vision and can be seen from far away.


Message History

Your bat barely misses the dart slug.
Your bat hits the dart slug but does no damage.
Your bat hits the jackal but does no damage.
The jackal bites your rat.
Your rat dies!
Your rat's corpse disappears in a puff of smoke!
Your bat hits the jackal but does no damage.
The jackal completely misses your bat.
Your bat barely misses the jackal.
The jackal bites your bat.
Your bat hits the dart slug.
Your bat hits the dart slug but does no damage.
The jackal barely misses your bat. The dart slug launches a dart at you.
The slug dart misses your bat. The slug dart misses you.
Your bat hits the dart slug but does no damage.
The jackal barely misses your bat. The jackal bites your bat.
Your bat closely misses the jackal.
The jackal misses your bat. The dart slug misses your bat.
Your bat completely misses the jackal.
The jackal closely misses your bat. The dart slug launches a dart at you.
The slug dart hits your bat.
Your bat dies!
Your bat's corpse disappears in a puff of smoke!
Your quokka disappears in a puff of smoke!
The jackal barely misses you. The jackal barely misses you.
The jackal bites you.
* * * LOW HITPOINT WARNING * * *
The jackal closely misses you.
There are monsters nearby!
There are monsters nearby!
You are too injured to fight recklessly!
Casting: Summon Small Mammal (safe; 2% risk of failure)
Confirm with . or Enter, or press ? or * to list all spells.
The jackal misses you.
Your rat misses the jackal. The jackal barely misses you.
The jackal bites you but does no damage.
Your rat barely misses the jackal.
The jackal bites you.
You die...

####h#.# #......#
..#.#.# #......#
#.#.#.#####......#
#.#.#.#.....)....#
##...#(#.###.######
####h..##.#.###.#
..#w#......#...#
#.#h##########.######
#..r@................
##.###########.######
#.......#####.#
##...###.......#
#..#.# #########
#.##.# #....#♣#♣#
###.##.♣.## #.#P#<#P#


You could see a dart slug, 2 jackals and a friendly rat (summoned).

Vanquished Creatures (collateral kills)
  A goblin (D:1)
  A jackal (D:1)
  A rat (D:1)
3 creatures vanquished.

Notes
Turn   | Place    | Note
-------+----------+-------------------------------------------
     0 | D:1      | H0rd4k the Barachi Summoner began the quest for the Orb.
     0 | D:1      | Reached XP level 1. HP: 13/13 MP: 3/3
   178 | D:1      | Slain by a jackal

Illustrated notes

Levels and vault maps discovered:
D:1:      tarquinn_simple_flora_water_d, layout_basic

Action                   || total
-------------------------++-------
Melee: Unarmed           ||     5
 Cast: Summon Small Mamm ||    10
Armor: Robe              ||     4
Dodge: Dodged            ||    19
